 Dungeon Crawl Stone Soup version 0.31-a0-198-g2ad674f65e (webtiles) character file.

Game seed: 11380252449036054913

93 GilGalad the Conjurer (level 4, 0/27 HPs)
             Began as an Octopode Conjurer on June 26, 2023.
             Slain by a cerulean imp
             ... wielding a +2 spear
             ... summoned by Natasha
              (3 damage)
             ... on level 2 of the Dungeon.
             The game lasted 00:03:43 (1903 turns).

GilGalad the Conjurer (Octopode Conjurer)           Turns: 1903, Time: 00:03:43

Health: 0/27       AC:  1    Str:  6    XL:     4   Next: 61%
Magic:  1/8        EV: 13    Int: 22    God:
Gold:   107        SH:  0    Dex: 10    Spells: 5/8 levels left

rFire   . . .        b - +0 short sword
rCold   + . .        (no shield)
rNeg    . . .        (helmet restricted)
rPois   .            (no amulet)
rElec   .            f - ring of protection from cold
rCorr   .            (no ring)
SInv    .            (no ring)
Will    .....        (no ring)
Stlth   +++          (no ring)
HPRegen 0.24/turn    (no ring)
MPRegen 0.11/turn    (no ring)
                     (no ring)

%: no passive effects
@: no status effects
A: almost no armour, amphibious, 8 rings, camouflage 1, gelatinous body 1,
(nimble swimmer 1), tentacles
a: no special abilities


You were on level 2 of the Dungeon.
You visited 1 branch of the dungeon, and saw 2 of its levels.

You collected 107 gold pieces.

Inventory:

Hand Weapons
 b - a +0 short sword (weapon)
 d - a +0 sling
Missiles
 e - 2 poisoned darts
Jewellery
 f - a ring of protection from cold (left tentacle)
 h - an amulet of faith
Scrolls
 c - 2 scrolls of teleportation {unknown}
 g - a scroll of fear {unknown}
 i - a scroll of acquirement {unknown}
 l - a scroll of revelation {unknown}
 m - a scroll of immolation {unknown}
 n - a scroll of amnesia {unknown}
Potions
 a - a potion of magic
 j - 3 potions of curing {unknown}
 k - a potion of enlightenment {unknown}


   Skills:
 + Level 2.8 Dodging
 + Level 4.0 Stealth
 + Level 2.7 Spellcasting
 + Level 4.5 Conjurations


You had 5 spell levels left.
You knew the following spells:

 Your Spells              Type           Power      Damage    Failure   Level
a - Magic Dart            Conj           88%        1d7       1%          1
b - Searing Ray           Conj           44%        2d6       3%          2

Your spell library contained the following spells:

 Spells                   Type           Power      Damage    Failure   Level
 Dazzling Flash           Conj/Hex       24%        N/A       16%         3
 Fulminant Prism          Conj/Hex       6%         3d7       45%         4
 Iskenderun's Mystic Bla  Conj/Tloc      12%        2d5       45%         4


Dungeon Overview and Level Annotations

Branches:
Dungeon (2/15)

Altars:
Ru

Annotations:
D:2 Natasha


Innate Abilities, Weirdness & Mutations

You cannot wear most types of armour.
You are amphibious.
You can wear up to eight rings at the same time.
Your skin changes colour to match your surroundings (Stealth+).
Your rubbery body absorbs attacks. (AC +1, EV +1)
((You are camouflaged when in or above water. (Stealth+)))
You have tentacles for arms and can constrict up to eight enemies at once.


Message History

The magic dart hits Natasha.
Natasha is moderately wounded.
Natasha claws you.
The magic dart hits Natasha but does no damage.
Natasha is moderately wounded.
Natasha howls an incantation.
Natasha glows brightly for a moment.
Natasha claws you.
Casting: Magic Dart (safe; 1% risk of failure)
Confirm with . or Enter, or press ? or * to list all spells.
You don't know that spell.
Casting: Magic Dart (safe; 1% risk of failure)
Confirm with . or Enter, or press ? or * to list all spells.
Aiming: Searing Ray (safe; 3% risk of failure)
Press: ? - help, Shift-Dir - straight line, f/p - Natasha
Aim: Natasha (moderately wounded, 72% to hit)
The searing ray misses Natasha. (Press . to maintain the ray.) Natasha mumbles some strange words.
The searing ray hits Natasha.
Natasha is heavily wounded.
Natasha claws you.
The searing ray hits Natasha.
Natasha is almost dead.
Natasha stares at you and mumbles some strange words.
The magic dart hits you!
* * * LOW HITPOINT WARNING * * *
The cerulean imp closely misses you.
You are too injured to fight recklessly!
You closely miss Natasha. You grab Natasha.
Natasha is almost dead.
You constrict Natasha, but do no damage.
Natasha closely misses you.
The cerulean imp hits you from afar with a +2 spear.
* * * LOW HITPOINT WARNING * * *
You hit Natasha but do no damage.
Natasha is almost dead.
You constrict Natasha. Natasha misses you.
The cerulean imp hits you from afar with a +2 spear.
You die...

##...#.....#
##........#
##########.......#
#..........#.....#
#..........#.....#
#..........#.....#
#................#
#..........####..#
#####@.........#
#..#
.....5h..........#
#..#
..........)......#
#..#
.................#
#...
.........##..#####
#...
....'###.###'#
#...
....#..###..##
#####...
....#.......#
#....... ##.....##
#.......


You could see Natasha and a cerulean imp (summoned).

Vanquished Creatures
  Natasha (twice) (D:2)
  An adder (D:2)
  A dart slug (D:2)
  3 bats (D:1)
  An endoplasm (D:2)
  2 giant cockroaches (D:2)
  6 hobgoblins
  5 kobolds
  A quokka (D:1)
  2 ball pythons (D:1)
  2 frilled lizards (D:1)
  3 goblins
  4 rats (D:1)
33 creatures vanquished.

Notes
Turn   | Place    | Note
-------+----------+-------------------------------------------
     0 | D:1      | GilGalad the Octopode Conjurer began the quest for the Orb.
     0 | D:1      | Reached XP level 1. HP: 11/11 MP: 3/3
   373 | D:1      | Reached XP level 2. HP: 17/17 MP: 1/5
   545 | D:1      | Learned a level 2 spell: Searing Ray
  1346 | D:2      | Reached XP level 3. HP: 21/21 MP: 1/6
  1542 | D:2      | Found a sacrificial altar of Ru.
  1592 | D:2      | Noticed Natasha
  1598 | D:2      | Killed Natasha
  1664 | D:2      | Reached XP level 4. HP: 24/27 MP: 0/7
  1753 | D:2      | Found a faded altar of an unknown god.
  1802 | D:2      | Noticed Natasha
  1809 | D:2      | Killed Natasha
  1895 | D:2      | Noticed Natasha
  1903 | D:2      | Slain by a cerulean imp

Illustrated notes

Levels and vault maps discovered:
D:1:      dpeg_arrival_round_b, layout_loops_corners
D:2:      layout_basic, basic_altar, hellmonk_ecumenical_altar_slurped_away,
          serial_bayou_lagoon_b, uniq_natasha

Skill      XL: |  1  2  3  4 |
---------------+-------------+-----
Stealth        | 3 4 |  4.0
Dodging        | |  2.8
Spellcasting   | |  2.7
Conjurations   | |  4.5

Action                     |  1- 3 |  4- 6 || total
---------------------------+-------+-------++-------
  Melee: Short sword       |     5 |     2 ||     7
         Constrict         |     1 |     1 ||     2
   Cast: Magic Dart        |    66 |     9 ||    75
         Searing Ray       |     1 |     2 ||     3
   Stab: Sleeping          |     1 |       ||     1
 Armour: Skin              |     1 |       ||     1
  Dodge: Dodged            |     7 |     3 ||    10

Table legend: (Time is in decaauts)
 A = Elapsed time spent in this place.
 B = Non-inter-level travel time spent in this place.
 C = Inter-level travel time spent in this place.
 D = Time resting spent in this place.
 E = Time spent auto-exploring this place.
 F = Levels seen in this place.
 G = Mean time per level.
                   A        B        C        D        E       F      G
               +--------+--------+--------+--------+--------+-----+--------+
         Total |   1901 |   1869 |     32 |      0 |   1613 |   2 |  950.5 |
       Dungeon |   1901 |   1869 |     32 |      0 |   1613 |   2 |  950.5 |
               +--------+--------+--------+--------+--------+-----+--------+

Top non-repeatable levels by time:
     D:1: 1331 daAuts
     D:2: 570 daAuts
